 Dungeon Crawl Stone Soup version 0.18.1-8-gdd0e5ea (webtiles) character file.

112 zeroDi the Sneak (level 4, -3/23 HPs)
             Began as a Vine Stalker Assassin on June 4, 2016.
             Slain by sergedm's ghost (11 damage)
             ... on level 3 of the Dungeon.
             The game lasted 00:03:38 (1086 turns).

zeroDi the Sneak (Vine Stalker Assassin)            Turns: 1086, Time: 00:03:39

Health: -3/23      AC:  5    Str: 14    XL:     4   Next: 93%
Magic:  0/1        EV: 11    Int: 11    God:
Gold:   129        SH:  0    Dex: 16    Spells: 0 memorised, 3 levels left

rFire  . . .     SeeInvis .     a - +0 short sword (antimagic)
rCold  . . .     Gourm    .     c - +0 robe
rNeg   . . .     Faith    .     (no shield)
rPois  .         Spirit   +     o - +0 helmet
rElec  .         Dismiss  .     d - +0 cloak
rCorr  .         Reflect  .     (no gloves)
SustAt .         Harm     .     j - +0 pair of boots
MR     .....                    (no amulet)
Stlth  +++.......               (no ring)
                                (no ring)

@: not resistant to hostile enchantments, fairly stealthy
A: fangs 2, regeneration 1, magic shield, antimagic bite, no device heal 3, rot
immunity
a: no special abilities


You were on level 3 of the Dungeon.
You were not hungry.

You visited 1 branch of the dungeon, and saw 3 of its levels.

You collected 129 gold pieces.


Innate Abilities, Weirdness & Mutations

You have extremely sharp teeth.
Your natural rate of healing is unusually fast.
When hurt, damage is shared between your health and your magic reserves.
Your bite disrupts and absorbs the magic of your enemies.
Potions and wands cannot restore your health.
You are immune to rotting.


   Skills:
 - Level 1.7 Fighting
 + Level 4.4 Short Blades
 - Level 1.7 Throwing
 - Level 0.7 Dodging
 - Level 4.8 Stealth


You had 3 spell levels left.
You didn't know any spells.

Inventory:

Hand Weapons
 a - a +0 antimagic short sword (weapon)
 b - a +0 blowgun
 p - a +2 dagger
Missiles
 e - 21 poisoned needles
 f - 2 curare-tipped needles {=f}
 h - 75 stones (quivered)
Armour
 c - a +0 robe (worn)
 d - a +0 cloak (worn)
 j - a +0 pair of boots (worn)
 o - a +0 helmet (worn)
Wands
 q - a wand of lightning (10/15)
Scrolls
 n - 3 scrolls of remove curse {unknown}
Potions
 i - 2 potions of heal wounds {unknown}
 m - 2 potions of agility {unknown}
Comestibles
 g - 3 bread rations
 k - 2 meat rations
 l - a royal jelly
 r - 2 chunks of flesh

Dungeon Overview and Level Annotations

Branches:
Dungeon (3/15)

Altars:
Makhleb

Annotations:
D:3 sergedm's ghost, amateur DsAK

#.##.# #.#
#.##.###.#
##......<.#
#........##
#.###.##.#
#.# #.##.#
#.###.##.#
#.#...##.#
#.#.@###.#
#.#W..##.#
........
###...###
#..## #.##
#. #.


You could see sergedm's ghost.


Message History

Sergedm's ghost is lightly damaged.
Sergedm's ghost barely misses you.
You hit sergedm's ghost. Your bite misses sergedm's ghost.
Sergedm's ghost is lightly damaged.
Sergedm's ghost hits you.
* * * LOW HITPOINT WARNING * * *
You barely miss sergedm's ghost. Your bite misses sergedm's ghost.
Sergedm's ghost is lightly damaged.
Sergedm's ghost completely misses you.
You closely miss sergedm's ghost.
Sergedm's ghost is lightly damaged.
Sergedm's ghost misses you.
You hit sergedm's ghost but do no damage.
Sergedm's ghost is lightly damaged.
Sergedm's ghost hits you.
* * * LOW HITPOINT WARNING * * *
You closely miss sergedm's ghost.
Sergedm's ghost is lightly damaged.
Sergedm's ghost hits you!
You die...

Action                   |  1- 3 |  4- 6 || total
-------------------------+-------+-------++-------
Melee: Dagger            |   102 |     6 ||   108
       Bite              |    23 |    13 ||    36
       Short sword       |       |    43 ||    43
 Stab: Sleeping          |     5 |     3 ||     8
  Eat: Chunk             |       |     1 ||     1
Armor: Robe              |    38 |     5 ||    43
Dodge: Dodged            |    77 |    18 ||    95

Vault maps used:
D:1:      eino_arrival_water_star
D:2:      makhleb_blood_cavern_becter, first_bread, grunt_ministairs_6,
          lemuel_old_faithful, uniq_robin

Notes
Turn   | Place    | Note
--------------------------------------------------------------
     0 | D:1      | zeroDi the Vine Stalker Assassin began the quest for the Orb.
     0 | D:1      | Reached XP level 1. HP: 11/11 MP: 2/2
    77 | D:1      | Reached skill level 2 in Short Blades
   127 | D:1      | Reached XP level 2. HP: 12/15 MP: 1/3
   248 | D:1      | Reached skill level 3 in Short Blades
   313 | D:1      | Reached XP level 3. HP: 18/18 MP: 4/4
   546 | D:2      | Killed Robin
   646 | D:2      | Reached XP level 4. HP: 23/23 MP: 5/5
   804 | D:2      | Reached skill level 4 in Short Blades
   942 | D:2      | Found a burning altar of Makhleb.
  1076 | D:3      | Noticed sergedm's ghost (amateur DsAK)
  1086 | D:3      | Slain by sergedm's ghost

Vanquished Creatures
  A hound (D:2)
  2 adders (D:2)
  A worm (D:2)
  2 dart slugs (D:1)
  A giant gecko (D:1)
  4 bats
  3 giant cockroaches
  13 goblins
  5 hobgoblins
  4 jackals (D:1)
  A quokka (D:2)
  2 ball pythons
  4 giant newts
  6 kobolds
  4 rats
53 creatures vanquished.

Vanquished Creatures (others)
  Robin (D:2)
  A giant cockroach (D:2)
  A goblin (D:2)
  A hobgoblin (D:2)
  A kobold (D:2)
5 creatures vanquished.

Grand Total: 58 creatures vanquished
